 Dungeon Crawl Stone Soup version 0.28-b1-70-g80dc712255 (webtiles) character file.

Game seed: 11500006811950929774

41 Prodoman the Magician (level 3, 0/24 HPs)
             Began as a Demonspawn Hedge Wizard on Feb 4, 2022.
             Slain by Jessica (4 damage)
             ... on level 2 of the Dungeon.
             The game lasted 00:11:51 (1165 turns).

Prodoman the Magician (Demonspawn Hedge Wizard)     Turns: 1165, Time: 00:11:52

Health: 0/24       AC:  2    Str: 10    XL:     3   Next: 32%
Magic:  2/8        EV: 12    Int: 17    God:
Gold:   10         SH:  0    Dex: 12    Spells: 8/9 levels left

rFire   . . .      SeeInvis .   d - +0 spear
rCold   . . .      Faith    .   (no shield)
rNeg    . . .      Spirit   .   b - +0 robe
rPois   .          Reflect  .   c - +0 hat
rElec   .          Harm     .   (no cloak)
rCorr   .          Rampage  .   (no gloves)
Will    .....                   (no boots)
Stlth   ++........              (no amulet)
HPRegen 0.08/turn               (no ring)
MPRegen 0.11/turn               (no ring)

@: no status effects
A: demonic guardian 2
a: no special abilities


You were on level 2 of the Dungeon.
You visited 1 branch of the dungeon, and saw 2 of its levels.

You collected 10 gold pieces.

Inventory:

Hand Weapons
 a - a +0 dagger
 d - a +0 spear (weapon)
Missiles
 f - 10 stones
Armour
 b - a +0 robe (worn)
 c - a +0 hat (worn)
 i - a +0 ring mail
Scrolls
 e - a scroll of teleportation {unknown}
 g - a scroll of fear {unknown}
Potions
 h - a potion of curing {unknown}


   Skills:
 + Level 0.2 Polearms
 + Level 2.0 Dodging
 + Level 2.0 Stealth
 + Level 3.9 Spellcasting
 + Level 1.1 Conjurations
 + Level 1.0 Summonings
 + Level 0.8 Translocations


You had 8 spell levels left.
You knew the following spells:

 Your Spells              Type           Power      Damage    Failure   Level
a - Magic Dart            Conj           28%        1d4       10%         1

Your spell library contained the following spells:

 Spells                   Type           Power      Damage    Failure   Level
 Beastly Appendage        Tmut           6%         N/A       16%         1
 Slow                     Hex            12%        N/A       16%         1
 Call Imp                 Summ           6%         N/A       16%         2
 Blink                    Tloc           12%        N/A       17%         2
 Wereblood                Tmut           3%         N/A       24%         2
 Conjure Flame            Conj/Fire      5%         6-21      36%         3
 Mephitic Cloud           Conj/Pois/Air  4%         N/A       38%         3
 Spider Form              Tmut/Pois      3%         N/A       43%         3


Dungeon Overview and Level Annotations

Branches:
Dungeon (2/15)

Altars:

Annotations:
D:2 Jessica


Innate Abilities, Weirdness & Mutations

A demonic guardian rushes to your aid.


Message History

Aim: an adder (severely wounded, 100% to hit)
The magic dart hits the adder.
You kill the adder!
Reach: d) +0 spear
Press: ? - help, Dir - move target, f - you
Okay, then.
Casting: Magic Dart (safe; 10% risk of failure)
Confirm with . or Enter, or press ? or * to list all spells.
Aiming: Magic Dart (safe; 10% risk of failure)
Press: ? - help, Shift-Dir - straight line, f - rat
Aim: a rat (100% to hit)
The magic dart hits the rat.
You kill the rat!
Jessica the Apprentice Sorceress comes into view.
She is wielding a +2 dagger of holy wrath and carrying a wand of digging (8).
Your Dodging skill increases to level 2!
Jessica shouts!
Jessica drinks a potion.
Jessica flickers and vanishes!
Deactivating autopickup; reactivate with Ctrl-A.
You hear some strange, mumbled words.
You see here a book of Changes.
You pick up a book of Changes and begin reading...
You add the spells Beastly Appendage, Wereblood and Spider Form to your library.
You hear a zap.
You hear a grinding noise.
You hear a zap.
You hear a grinding noise.
A worm comes into view.
You hear a zap.
You hear a grinding noise.
You hear a zap.
Some rock shatters into small pieces.
Something hits you.
A demonic guardian appears!
You convulse.
Casting: Magic Dart (safe; 10% risk of failure)
Confirm with . or Enter, or press ? or * to list all spells.
Aiming: Magic Dart (safe; 10% risk of failure)
Press: ? - help, Shift-Dir - straight line, f - worm
Aim: a worm (ally target, 100% to hit)
The magic dart hits the worm.
The worm is lightly wounded.
Something hits you.
You convulse.
* * * LOW HITPOINT WARNING * * *
Something hits you.
You die...

#. ## .# .. .# ..# #.
.##..# ####.###......
#.. ........
#.#.###.#...# .
#.#.#.#.#.#...# ..
#...4@{.......##..
.###.....#.......###
...............#....
#.##....#............
..........w........
#.....†.....#.......
#..............#...#.
#.##..#.#.##.......#
... <..#.#..#.......


You could see a worm (ally target) and a friendly hellwing (summoned).

Vanquished Creatures
  An adder (D:2)
  2 dart slugs (D:1)
  2 ball pythons (D:1)
  6 endoplasms (D:1)
  A goblin (D:1)
  5 hobgoblins
  2 kobolds (D:1)
  A quokka (D:1)
  A bat (D:1)
  A frilled lizard (D:1)
  3 rats
25 creatures vanquished.

Notes
Turn   | Place    | Note
-------+----------+-------------------------------------------
     0 | D:1      | Prodoman the Demonspawn Hedge Wizard began the quest for
                  | the Orb.
     0 | D:1      | Reached XP level 1. HP: 13/13 MP: 4/4
   151 | D:1      | Gained mutation: A weak demonic guardian rushes to your
                  | aid. [demonic ancestry]
   151 | D:1      | Reached XP level 2. HP: 11/19 MP: 3/6
   928 | D:1      | Gained mutation: A demonic guardian rushes to your aid.
                  | [demonic ancestry]
   928 | D:1      | Reached XP level 3. HP: 24/24 MP: 2/8
  1145 | D:2      | Noticed Jessica
  1165 | D:2      | Slain by Jessica

Illustrated notes

Levels and vault maps discovered:
D:1:      sevenhm_arrival_forest_fort_small_3, layout_basic,
          minmay_strange_pillars
D:2:      layout_basic, basic_altar, uniq_crazy_yiuf_cottage, uniq_jessica

Skill      XL: |  1  2  3 |
---------------+----------+-----
Stealth        | 2 |  2.0
Dodging        | 2 |  2.0
Polearms       | |  0.2
Spellcasting   | |  3.9
Conjurations   | |  1.1
Summonings     | |  1.0
Translocations | |  0.8

Action                   || total
-------------------------++-------
Melee: Dagger            ||     6
       Spear             ||    20
 Cast: Magic Dart        ||    51
Armor: Robe              ||     6
Dodge: Dodged            ||    20
